[ PARTIDA AOE2 · #474600530 ]
Team RMBorgoñones vs Magyars
[ ANÁLISIS DE REPETICIÓN · EXTRAÍDO DE LA PARTIDA GRABADA ]
Feudal
9:08
Castillos
15:33
Imperial
29:56
| APM promedio | 21.1 |
| APM pico | 91 |
| eAPM promedio | 17.4 |
| Aldeanos / militares | 169 / 2595 |
Foco
⚔️ 56.5% · 🌾 43.5%
Spearman ×1252 · Scout Cavalry ×829 · Skirmisher ×283 · Knight ×188 · Militia ×30 · Trade Cart ×7
Feudal
7:57
Castillos
13:01
Imperial
30:53
| APM promedio | 15.0 |
| APM pico | 47 |
| eAPM promedio | 13.5 |
| Aldeanos / militares | 236 / 1820 |
Foco
⚔️ 55.5% · 🌾 44.5%
Spearman ×783 · Skirmisher ×312 · Fire Lancer ×276 · Trade Cart ×126 · Archer ×121 · Iron Pagoda ×99
Feudal
10:25
Castillos
14:24
Imperial
32:04
| APM promedio | 43.2 |
| APM pico | 96 |
| eAPM promedio | 31.0 |
| Aldeanos / militares | 299 / 1174 |
Foco
⚔️ 46.4% · 🌾 53.6%
Spearman ×551 · Archer ×274 · Longbowman ×206 · Skirmisher ×89 · Trade Cart ×58 · Militia ×45
Feudal
7:13
Castillos
11:08
Imperial
28:07
| APM promedio | 24.7 |
| APM pico | 82 |
| eAPM promedio | 14.6 |
| Aldeanos / militares | 247 / 1354 |
Foco
⚔️ 51.4% · 🌾 48.6%
Scout Cavalry ×580 · Elephant Archer ×292 · Shrivamsha Rider ×279 · Camel Scout ×137 · Trade Cart ×98 · Chakram Thrower ×45
Feudal
8:05
Castillos
13:43
Imperial
29:22
| APM promedio | 14.8 |
| APM pico | 30 |
| eAPM promedio | 9.4 |
| Aldeanos / militares | 134 / 1282 |
Foco
⚔️ 47.8% · 🌾 52.2%
Magyar Huszar ×889 · Knight ×243 · Scout Cavalry ×150 · Trade Cart ×96
Feudal
6:56
Castillos
13:46
Imperial
32:43
| APM promedio | 16.4 |
| APM pico | 46 |
| eAPM promedio | 12.3 |
| Aldeanos / militares | 234 / 1450 |
Foco
⚔️ 46.4% · 🌾 53.6%
Scorpion ×539 · Militia ×402 · Scout Cavalry ×234 · Spearman ×207 · Battering Ram ×66 · Trade Cart ×63
Feudal
7:14
Castillos
11:59
Imperial
27:10
| APM promedio | 30.8 |
| APM pico | 92 |
| eAPM promedio | 19.4 |
| Aldeanos / militares | 168 / 676 |
Foco
⚔️ 55.2% · 🌾 44.8%
Archer ×201 · Spearman ×157 · Militia ×129 · Bombard Cannon ×73 · Shotel Warrior ×70 · Trade Cart ×54
Feudal
8:56
Castillos
14:55
Imperial
28:17
| APM promedio | 14.5 |
| APM pico | 63 |
| eAPM promedio | 11.0 |
| Aldeanos / militares | 230 / 1303 |
Foco
⚔️ 46.1% · 🌾 53.9%
Scout Cavalry ×443 · Camel Scout ×325 · Janissary ×294 · Hand Cannoneer ×195 · Trade Cart ×53 · Archer ×30
Mapa de la partida
Recursos iniciales + cada clic de construcción. Líneas = muros · curvas = relieve. ◆ oro · ⬟ piedra · ● bayas · ✦ reliquia · ◌ hueco del cierre
Tu base· Abierta — flanco sin cerrar
Base de GummiMaster2· Abierta — flanco sin cerrar
Base de SkinWalker· Abierta — flanco sin cerrar
Base de Cabosh· Abierta — flanco sin cerrar
Base de Emstree· Abierta — flanco sin cerrar
Base de manejc94· Abierta — flanco sin cerrar
Base de Clandestine· Abierta — flanco sin cerrar
Base de Sultan IV.MURAD· Abierta — flanco sin cerrar
Terreno inicial suavizado · ◌ = hueco del cierre detectado · pasá el cursor para detalles
Inputs por minuto
— Sauron_aoe - - GummiMaster2
Build order — Sauron_aoe
Primeras 150 de 1095 acciones detectadas
| 0:02 | Crear | Villager (Male) |
| 0:02 | Crear | Villager (Male) |
| 0:02 | Crear | Villager (Male) |
| 0:07 | Construir | Lumber Camp |
| 0:37 | Crear | Villager (Male) |
| 1:47 | Crear | Villager (Male) |
| 1:47 | Crear | Villager (Male) |
| 1:47 | Crear | Villager (Male) |
| 2:00 | Crear | Villager (Male) |
| 3:13 | Crear | Villager (Male) |
| 3:13 | Crear | Villager (Male) |
| 3:13 | Crear | Villager (Male) |
| 3:28 | Crear | Villager (Male) |
| 3:29 | Crear | Villager (Male) |
| 3:29 | Crear | Villager (Male) |
| 3:37 | Construir | House |
| 3:39 | Construir | House |
| 3:51 | Construir | Mill |
| 3:57 | Crear | Villager (Male) |
| 4:16 | Crear | Villager (Male) |
| 4:36 | Construir | Farm |
| 4:40 | Construir | Farm |
| 4:45 | Crear | Villager (Male) |
| 4:50 | Construir | Farm |
| 4:55 | Construir | Farm |
| 5:00 | Construir | Farm |
| 5:29 | Construir | Farm |
| 5:29 | Construir | Farm |
| 5:51 | Crear | Villager (Male) |
| 6:00 | Crear | Villager (Male) |
| 6:43 | Investigar | Feudal Age |
| 6:54 | Investigar | Double-Bit Axe |
| 6:57 | Investigar | Horse Collar |
| 7:04 | Construir | Mining Camp |
| 7:33 | Crear | Villager (Male) |
| 7:39 | Crear | Villager (Male) |
| 7:40 | Crear | Villager (Male) |
| 7:41 | Crear | Villager (Male) |
| 7:41 | Crear | Villager (Male) |
| 7:41 | Crear | Villager (Male) |
| 7:42 | Crear | Villager (Male) |
| 8:18 | Crear | Villager (Male) |
| 8:18 | Crear | Villager (Male) |
| 9:08 | Edad | Edad Feudal |
| 9:14 | Construir | Market |
| 9:22 | Construir | Blacksmith |
| 9:47 | Crear | Villager (Male) |
| 10:38 | Investigar | Bow Saw |
| 11:22 | Investigar | Castle Age |
| 11:33 | Construir | Stable |
| 11:46 | Investigar | Gold Mining |
| 11:56 | Investigar | Heavy Plow |
| 12:19 | Construir | Farm |
| 12:43 | Investigar | Scale Barding Armor |
| 13:04 | Construir | Stable |
| 13:23 | Investigar | Loom |
| 13:34 | Construir | Mining Camp |
| 13:54 | Investigar | Forging |
| 13:55 | Crear | Villager (Male) |
| 14:08 | Construir | Stable |
| 14:14 | Investigar | Stone Mining |
| 14:35 | Crear | Villager (Male) |
| 15:18 | Construir | House |
| 15:19 | Construir | House |
| 15:20 | Construir | House |
| 15:33 | Edad | Edad de los Castillos |
| 15:35 | Construir | Town Center |
| 15:41 | Crear | Villager (Male) |
| 15:41 | Crear | Villager (Male) |
| 16:05 | Construir | Town Center |
| 16:13 | Crear | Villager (Male) |
| 16:13 | Crear | Villager (Male) |
| 16:26 | Crear | Villager (Male) |
| 16:36 | Construir | Farm |
| 16:50 | Investigar | Cavalier (upgrade) |
| 16:52 | Investigar | Husbandry |
| 17:00 | Construir | House |
| 17:02 | Crear | Villager (Male) |
| 17:18 | Crear | Knight |
| 17:32 | Crear | Knight |
| 17:39 | Crear | Villager (Male) |
| 17:39 | Crear | Villager (Male) |
| 17:40 | Crear | Villager (Male) |
| 17:49 | Crear | Villager (Male) |
| 17:50 | Crear | Villager (Male) |
| 18:02 | Construir | House |
| 18:03 | Construir | House |
| 18:18 | Construir | Mining Camp |
| 18:22 | Crear | Villager (Male) |
| 18:23 | Crear | Villager (Male) |
| 18:23 | Crear | Villager (Male) |
| 18:37 | Crear | Villager (Male) |
| 18:37 | Crear | Villager (Male) |
| 18:37 | Crear | Villager (Male) |
| 18:47 | Construir | Farm |
| 18:47 | Construir | Farm |
| 18:52 | Construir | Farm |
| 18:52 | Construir | Farm |
| 19:02 | Construir | Lumber Camp |
| 19:13 | Construir | House |
| 19:15 | Construir | House |
| 19:17 | Construir | House |
| 19:27 | Crear | Villager (Male) |
| 19:28 | Crear | Villager (Male) |
| 19:28 | Crear | Villager (Male) |
| 19:44 | Crear | Villager (Male) |
| 19:44 | Crear | Villager (Male) |
| 19:44 | Crear | Villager (Male) |
| 19:50 | Construir | Farm |
| 19:50 | Construir | Farm |
| 19:50 | Construir | Farm |
| 19:51 | Construir | Farm |
| 20:00 | Crear | Villager (Male) |
| 20:01 | Crear | Villager (Male) |
| 20:21 | Crear | Villager (Male) |
| 20:21 | Crear | Villager (Male) |
| 20:21 | Crear | Villager (Male) |
| 20:32 | Construir | Farm |
| 20:32 | Construir | Farm |
| 20:32 | Construir | Farm |
| 20:33 | Construir | Farm |
| 20:33 | Construir | Farm |
| 20:33 | Construir | Farm |
| 20:33 | Construir | Farm |
| 20:34 | Construir | Farm |
| 20:37 | Crear | Villager (Male) |
| 20:38 | Crear | Villager (Male) |
| 21:07 | Crear | Villager (Male) |
| 21:08 | Crear | Villager (Male) |
| 21:08 | Crear | Villager (Male) |
| 21:14 | Construir | Farm |
| 21:14 | Construir | Farm |
| 21:20 | Crear | Villager (Male) |
| 21:20 | Crear | Villager (Male) |
| 21:21 | Crear | Villager (Male) |
| 21:26 | Crear | Villager (Male) |
| 21:31 | Construir | House |
| 21:34 | Construir | House |
| 21:36 | Construir | House |
| 21:37 | Construir | House |
| 21:38 | Construir | House |
| 21:40 | Construir | House |
| 21:42 | Crear | Knight |
| 22:01 | Crear | Villager (Male) |
| 22:01 | Crear | Villager (Male) |
| 22:01 | Crear | Villager (Male) |
| 22:11 | Construir | Mill |
| 22:14 | Construir | Farm |
| 22:14 | Construir | Farm |
| 22:15 | Construir | Farm |
Build order — GummiMaster2
Primeras 150 de 770 acciones detectadas
| 0:31 | Investigar | Loom |
| 0:50 | Construir | Lumber Camp |
| 1:01 | Crear | Villager (Male) |
| 1:37 | Crear | Villager (Male) |
| 2:01 | Crear | Villager (Male) |
| 2:27 | Crear | Villager (Male) |
| 2:28 | Crear | Villager (Male) |
| 2:28 | Crear | Villager (Male) |
| 2:29 | Crear | Villager (Male) |
| 2:30 | Crear | Villager (Male) |
| 2:30 | Crear | Villager (Male) |
| 2:43 | Crear | Villager (Male) ×2 |
| 3:02 | Construir | Mill |
| 3:30 | Crear | Villager (Male) ×3 |
| 4:12 | Construir | Farm |
| 4:26 | Crear | Villager (Male) |
| 5:03 | Construir | Mining Camp |
| 5:34 | Investigar | Feudal Age |
| 7:57 | Edad | Edad Feudal |
| 7:58 | Investigar | Town Watch |
| 8:02 | Construir | Blacksmith |
| 8:05 | Construir | Archery Range |
| 8:20 | Investigar | Double-Bit Axe |
| 8:22 | Crear | Villager (Male) |
| 8:45 | Crear | Villager (Male) |
| 8:54 | Construir | Farm |
| 9:12 | Crear | Villager (Male) |
| 9:18 | Construir | Farm |
| 9:29 | Construir | Farm |
| 9:46 | Crear | Villager (Male) |
| 9:48 | Construir | Farm |
| 9:58 | Construir | Farm |
| 10:21 | Investigar | Castle Age |
| 10:21 | Investigar | Castle Age |
| 10:23 | Construir | Farm |
| 10:39 | Crear | Villager (Male) |
| 11:36 | Construir | Stone Wall |
| 11:48 | Construir | Mining Camp |
| 12:06 | Construir | Stone Wall |
| 12:24 | Construir | Farm |
| 12:24 | Construir | Farm |
| 12:25 | Construir | Farm |
| 12:25 | Construir | Farm |
| 12:34 | Crear | Villager (Male) |
| 12:47 | Investigar | Horse Collar |
| 13:01 | Edad | Edad de los Castillos |
| 13:32 | Crear | Villager (Male) |
| 13:40 | Investigar | Fletching |
| 13:54 | Investigar | Bow Saw |
| 14:03 | Investigar | Wheelbarrow |
| 14:14 | Construir | Farm |
| 14:25 | Construir | Building 490 |
| 14:42 | Crear | Villager (Male) ×5 |
| 14:47 | Investigar | Heavy Plow |
| 15:53 | Investigar | Forging |
| 15:54 | Investigar | Scale Mail Armor |
| 16:12 | Construir | Town Center |
| 16:28 | Investigar | Padded Archer Armor |
| 16:36 | Construir | Farm |
| 16:59 | Construir | Market |
| 17:20 | Construir | Farm |
| 17:25 | Crear | Villager (Male) ×5 |
| 17:45 | Construir | Farm |
| 18:02 | Investigar | Stone Mining |
| 18:02 | Investigar | Gold Mining |
| 18:19 | Crear | Chu Ko Nu ×3 |
| 18:30 | Crear | Villager (Male) ×5 |
| 18:38 | Construir | University |
| 19:06 | Construir | Stone Wall |
| 19:18 | Construir | Farm |
| 19:25 | Crear | Villager (Male) ×5 |
| 19:28 | Construir | Farm |
| 19:37 | Construir | Town Center |
| 19:46 | Construir | Stone Wall |
| 19:54 | Construir | Farm |
| 19:58 | Construir | Farm |
| 20:16 | Investigar | Bodkin Arrow |
| 20:20 | Investigar | Fortified Wall (upgrade) |
| 20:35 | Crear | Villager (Male) ×4 |
| 20:46 | Construir | Farm |
| 21:14 | Construir | Stone Wall |
| 21:19 | Construir | Farm |
| 21:30 | Crear | Villager (Male) ×5 |
| 21:32 | Crear | Villager (Male) ×2 |
| 21:36 | Crear | Chu Ko Nu ×3 |
| 21:47 | Construir | Siege Workshop |
| 22:04 | Construir | Farm |
| 22:10 | Construir | Farm |
| 22:11 | Construir | Farm |
| 22:12 | Construir | Farm |
| 22:13 | Construir | Farm |
| 22:25 | Construir | Farm |
| 22:33 | Construir | Mill |
| 22:36 | Construir | Farm |
| 22:42 | Crear | Villager (Male) ×5 |
| 22:44 | Crear | Villager (Male) ×5 |
| 22:53 | Construir | Farm |
| 22:58 | Construir | Farm |
| 23:04 | Construir | Farm |
| 23:09 | Construir | Farm |
| 23:15 | Construir | Farm |
| 23:29 | Crear | Iron Pagoda |
| 23:36 | Investigar | Gold Shaft Mining |
| 23:36 | Investigar | Stone Shaft Mining |
| 23:55 | Crear | Villager (Male) |
| 23:55 | Crear | Villager (Male) |
| 24:11 | Construir | Farm |
| 24:19 | Crear | Villager (Male) ×5 |
| 24:20 | Crear | Villager (Male) ×5 |
| 24:32 | Investigar | Ballistics |
| 24:44 | Construir | House |
| 24:44 | Construir | House |
| 24:45 | Construir | House |
| 24:46 | Construir | House |
| 24:47 | Construir | House |
| 24:56 | Construir | Farm |
| 25:18 | Investigar | Leather Archer Armor |
| 25:53 | Investigar | Thumb Ring |
| 25:58 | Construir | House |
| 25:59 | Construir | House |
| 26:00 | Construir | House |
| 26:01 | Construir | House |
| 26:05 | Construir | House |
| 26:06 | Construir | House |
| 26:07 | Construir | House |
| 26:09 | Construir | House |
| 26:24 | Investigar | Crossbowman (upgrade) |
| 26:28 | Crear | Villager (Male) ×5 |
| 26:39 | Crear | Trade Cart ×5 |
| 26:55 | Construir | Farm |
| 27:02 | Construir | Market |
| 27:18 | Crear | Villager (Male) ×5 |
| 27:33 | Investigar | Imperial Age |
| 27:39 | Crear | Villager (Male) ×5 |
| 27:39 | Crear | Villager (Male) ×5 |
| 27:56 | Construir | Castle |
| 28:00 | Crear | Iron Pagoda |
| 28:18 | Construir | Mining Camp |
| 28:29 | Investigar | Masonry |
| 28:31 | Investigar | Murder Holes |
| 28:36 | Investigar | Hand Cart |
| 28:46 | Crear | Chu Ko Nu ×5 |
| 29:27 | Construir | Archery Range |
| 29:30 | Construir | Archery Range |
| 29:31 | Construir | Archery Range |
| 29:33 | Construir | Archery Range |
| 29:36 | Construir | Archery Range |
| 29:42 | Construir | Siege Workshop |
| 29:57 | Investigar | Great Wall |
| 29:58 | Crear | Chu Ko Nu ×5 |
Build order — SkinWalker
Primeras 150 de 1923 acciones detectadas
| 0:40 | Construir | Mill |
| 0:44 | Crear | Villager (Male) |
| 0:44 | Crear | Villager (Male) |
| 0:45 | Crear | Villager (Male) |
| 0:45 | Crear | Villager (Male) |
| 1:45 | Crear | Villager (Male) |
| 2:05 | Crear | Villager (Male) |
| 2:33 | Construir | Lumber Camp |
| 2:35 | Crear | Villager (Male) |
| 2:52 | Crear | Villager (Male) |
| 3:15 | Crear | Villager (Male) |
| 3:48 | Crear | Villager (Male) |
| 4:23 | Crear | Villager (Male) |
| 4:49 | Crear | Villager (Male) |
| 5:19 | Construir | Farm |
| 5:20 | Construir | Farm |
| 5:21 | Construir | Farm |
| 5:23 | Crear | Villager (Male) |
| 5:25 | Crear | Villager (Male) |
| 5:44 | Crear | Villager (Male) |
| 5:49 | Crear | Villager (Male) |
| 5:52 | Investigar | Loom |
| 5:57 | Crear | Villager (Male) |
| 5:57 | Investigar | Loom |
| 6:37 | Investigar | Feudal Age |
| 6:55 | Construir | Lumber Camp |
| 7:27 | Construir | Mining Camp |
| 9:47 | Crear | Villager (Male) |
| 10:25 | Edad | Edad Feudal |
| 10:28 | Construir | Blacksmith |
| 10:30 | Construir | Market |
| 10:36 | Crear | Villager (Male) |
| 10:40 | Investigar | Double-Bit Axe |
| 10:52 | Crear | Villager (Male) |
| 10:55 | Crear | Villager (Male) |
| 11:06 | Crear | Villager (Male) |
| 11:10 | Investigar | Horse Collar |
| 11:10 | Investigar | Horse Collar |
| 11:40 | Investigar | Castle Age |
| 11:47 | Crear | Villager (Male) |
| 11:55 | Investigar | Gold Mining |
| 12:32 | Crear | Villager (Male) |
| 12:40 | Construir | Farm |
| 12:42 | Construir | Farm |
| 12:43 | Construir | Farm |
| 12:46 | Construir | Farm |
| 12:58 | Investigar | Fletching |
| 13:07 | Investigar | Padded Archer Armor |
| 13:49 | Construir | Lumber Camp |
| 14:24 | Edad | Edad de los Castillos |
| 14:25 | Investigar | Bow Saw |
| 14:26 | Investigar | Heavy Plow |
| 14:33 | Crear | Villager (Male) |
| 15:14 | Construir | Town Center |
| 15:23 | Crear | Villager (Male) |
| 15:30 | Crear | Villager (Male) |
| 16:01 | Investigar | Wheelbarrow |
| 16:02 | Investigar | Bodkin Arrow |
| 16:20 | Construir | Market |
| 16:28 | Crear | Villager (Male) |
| 16:44 | Crear | Villager (Male) |
| 17:00 | Crear | Villager (Male) |
| 17:01 | Crear | Villager (Male) |
| 17:01 | Crear | Villager (Male) |
| 17:05 | Crear | Villager (Male) |
| 17:16 | Construir | Mill |
| 17:17 | Construir | Farm |
| 17:18 | Construir | Farm |
| 17:20 | Construir | Farm |
| 17:21 | Construir | Farm |
| 17:23 | Construir | Farm |
| 17:26 | Construir | Farm |
| 17:30 | Crear | Villager (Male) |
| 17:41 | Crear | Villager (Male) |
| 17:50 | Construir | House |
| 17:52 | Construir | House |
| 17:53 | Construir | House |
| 17:55 | Construir | House |
| 17:58 | Construir | House |
| 17:59 | Construir | House |
| 18:01 | Construir | House |
| 18:21 | Crear | Villager (Male) |
| 18:22 | Crear | Villager (Male) |
| 18:23 | Crear | Villager (Male) |
| 18:30 | Construir | Farm |
| 18:56 | Construir | House |
| 18:59 | Construir | House |
| 19:02 | Construir | House |
| 19:04 | Construir | House |
| 19:05 | Construir | House |
| 19:06 | Construir | House |
| 19:08 | Construir | House |
| 19:28 | Construir | House |
| 19:31 | Construir | House |
| 19:32 | Construir | House |
| 19:34 | Construir | House |
| 19:36 | Construir | House |
| 19:39 | Construir | House |
| 19:41 | Construir | House |
| 19:54 | Crear | Villager (Male) |
| 19:54 | Crear | Villager (Male) |
| 19:55 | Crear | Villager (Male) |
| 19:57 | Investigar | Hand Cart |
| 20:10 | Construir | Barracks |
| 20:19 | Crear | Trade Cart |
| 20:19 | Crear | Trade Cart |
| 20:33 | Crear | Villager (Male) |
| 20:39 | Construir | Monastery |
| 20:50 | Investigar | Caravan |
| 20:56 | Crear | Trade Cart |
| 20:57 | Crear | Trade Cart |
| 20:57 | Crear | Trade Cart |
| 21:18 | Crear | Villager (Male) |
| 21:18 | Crear | Villager (Male) |
| 21:18 | Crear | Villager (Male) |
| 21:19 | Crear | Villager (Male) |
| 21:22 | Investigar | Town Watch |
| 21:23 | Crear | Villager (Male) |
| 21:34 | Crear | Monk |
| 22:00 | Construir | Town Center |
| 22:22 | Construir | Town Center |
| 22:24 | Crear | Villager (Male) |
| 22:28 | Construir | University |
| 22:31 | Crear | Villager (Male) |
| 22:34 | Crear | Villager (Male) |
| 22:34 | Crear | Villager (Male) |
| 22:37 | Crear | Villager (Male) |
| 22:41 | Construir | Archery Range |
| 22:56 | Crear | Villager (Male) |
| 23:08 | Crear | Villager (Male) |
| 23:11 | Crear | Villager (Male) |
| 23:11 | Crear | Villager (Male) |
| 23:29 | Construir | Town Center |
| 23:33 | Crear | Villager (Male) |
| 23:48 | Crear | Trade Cart |
| 23:48 | Crear | Trade Cart |
| 24:10 | Crear | Villager (Male) |
| 24:10 | Crear | Villager (Male) |
| 24:11 | Crear | Villager (Male) |
| 24:11 | Crear | Villager (Male) |
| 24:14 | Crear | Villager (Male) |
| 24:14 | Crear | Villager (Male) |
| 24:15 | Crear | Villager (Male) |
| 24:15 | Crear | Villager (Male) |
| 24:16 | Crear | Villager (Male) |
| 24:16 | Crear | Villager (Male) |
| 24:22 | Construir | Archery Range |
| 24:24 | Construir | Archery Range |
| 24:25 | Construir | Archery Range |
| 24:29 | Investigar | Crossbowman (upgrade) |
Build order — Cabosh
Primeras 150 de 713 acciones detectadas
| 0:02 | Crear | Villager (Male) ×4 |
| 0:08 | Construir | Lumber Camp |
| 0:59 | Construir | Mill |
| 0:59 | Crear | Villager (Male) |
| 2:08 | Crear | Villager (Male) ×2 |
| 2:09 | Crear | Villager (Male) |
| 2:09 | Crear | Villager (Male) |
| 2:10 | Crear | Villager (Male) |
| 2:43 | Crear | Villager (Male) |
| 2:43 | Crear | Villager (Male) |
| 3:04 | Crear | Villager (Male) ×2 |
| 4:05 | Crear | Villager (Male) |
| 4:52 | Investigar | Feudal Age |
| 5:10 | Construir | Mining Camp |
| 5:12 | Construir | Mining Camp |
| 6:51 | Crear | Villager (Male) |
| 6:51 | Crear | Villager (Male) |
| 7:13 | Edad | Edad Feudal |
| 7:15 | Construir | Market |
| 7:19 | Construir | Blacksmith |
| 7:21 | Crear | Villager (Male) |
| 8:28 | Investigar | Castle Age |
| 8:52 | Investigar | Double-Bit Axe |
| 8:53 | Investigar | Double-Bit Axe |
| 9:55 | Investigar | Horse Collar |
| 11:08 | Edad | Edad de los Castillos |
| 11:11 | Crear | Villager (Male) |
| 11:11 | Crear | Villager (Male) |
| 11:26 | Construir | Town Center |
| 11:34 | Construir | Town Center |
| 12:34 | Construir | Town Center |
| 12:37 | Crear | Villager (Male) |
| 12:44 | Investigar | Bow Saw |
| 12:55 | Crear | Villager (Male) |
| 12:55 | Crear | Villager (Male) |
| 13:00 | Construir | Farm |
| 13:10 | Crear | Villager (Male) |
| 13:19 | Construir | Farm |
| 13:24 | Construir | Farm |
| 13:24 | Crear | Villager (Male) |
| 13:25 | Crear | Villager (Male) |
| 13:32 | Crear | Villager (Male) |
| 13:45 | Construir | Farm |
| 13:48 | Crear | Villager (Male) |
| 13:51 | Construir | Farm |
| 14:10 | Construir | Farm |
| 14:13 | Construir | Farm |
| 14:16 | Construir | Farm |
| 14:21 | Construir | Farm |
| 14:25 | Construir | Farm |
| 14:27 | Construir | Farm |
| 14:30 | Construir | Farm |
| 14:33 | Construir | Farm |
| 14:39 | Crear | Villager (Male) |
| 14:47 | Construir | Monastery |
| 14:58 | Construir | Farm |
| 15:01 | Construir | Farm |
| 15:02 | Crear | Villager (Male) |
| 15:02 | Crear | Villager (Male) |
| 15:15 | Crear | Villager (Male) |
| 15:15 | Crear | Villager (Male) |
| 15:34 | Construir | House |
| 15:35 | Construir | House |
| 15:36 | Crear | Villager (Male) |
| 15:37 | Crear | Villager (Male) |
| 15:37 | Crear | Villager (Male) |
| 15:42 | Construir | Farm |
| 15:54 | Construir | Farm |
| 15:55 | Construir | Farm |
| 15:57 | Construir | Farm |
| 16:01 | Crear | Villager (Male) |
| 16:02 | Crear | Villager (Male) |
| 16:06 | Construir | Farm |
| 16:09 | Construir | Farm |
| 16:12 | Construir | Farm |
| 16:17 | Crear | Villager (Male) |
| 16:17 | Crear | Villager (Male) |
| 16:17 | Crear | Villager (Male) |
| 16:18 | Crear | Villager (Male) |
| 16:21 | Investigar | Loom |
| 16:27 | Crear | Villager (Male) |
| 16:34 | Construir | Farm |
| 16:36 | Crear | Villager (Male) |
| 16:53 | Construir | Farm |
| 16:58 | Construir | Lumber Camp |
| 17:04 | Construir | Lumber Camp |
| 17:09 | Crear | Villager (Male) |
| 17:09 | Crear | Villager (Male) |
| 17:09 | Crear | Villager (Male) |
| 17:09 | Crear | Villager (Male) |
| 17:14 | Construir | Farm |
| 17:17 | Construir | Farm |
| 17:19 | Construir | Farm |
| 17:23 | Construir | Farm |
| 17:24 | Crear | Villager (Male) |
| 17:24 | Crear | Villager (Male) |
| 17:35 | Crear | Villager (Male) |
| 17:42 | Crear | Villager (Male) |
| 17:48 | Construir | Farm |
| 17:50 | Construir | Farm |
| 17:54 | Crear | Villager (Male) |
| 17:54 | Crear | Villager (Male) |
| 17:55 | Crear | Villager (Male) |
| 18:11 | Construir | House |
| 18:24 | Construir | Farm |
| 18:28 | Construir | Farm |
| 18:31 | Construir | Farm |
| 18:37 | Construir | Farm |
| 18:40 | Construir | Farm |
| 18:41 | Crear | Villager (Male) |
| 18:41 | Crear | Villager (Male) |
| 18:42 | Crear | Villager (Male) |
| 18:42 | Crear | Villager (Male) |
| 18:42 | Crear | Villager (Male) |
| 18:42 | Crear | Villager (Male) |
| 18:43 | Crear | Villager (Male) |
| 18:51 | Construir | Stable |
| 18:56 | Investigar | Wheelbarrow |
| 19:19 | Construir | Farm |
| 19:19 | Construir | Farm |
| 19:19 | Construir | Farm |
| 19:19 | Construir | Farm |
| 19:20 | Construir | Farm |
| 19:27 | Crear | Villager (Male) ×5 |
| 19:50 | Investigar | Heavy Plow |
| 19:55 | Investigar | Gold Mining |
| 19:56 | Investigar | Stone Mining |
| 19:57 | Crear | Villager (Male) ×2 |
| 20:02 | Crear | Villager (Male) |
| 20:13 | Construir | Farm |
| 20:16 | Construir | Farm |
| 20:36 | Construir | Stable |
| 20:38 | Construir | Stable |
| 20:40 | Crear | Villager (Male) ×5 |
| 20:49 | Construir | House |
| 20:50 | Construir | House |
| 20:51 | Construir | House |
| 20:55 | Investigar | Hand Cart |
| 20:56 | Investigar | Hand Cart |
| 20:56 | Crear | Villager (Male) ×4 |
| 21:15 | Investigar | Town Watch |
| 21:43 | Investigar | Husbandry |
| 21:44 | Crear | Villager (Male) ×5 |
| 21:44 | Crear | Villager (Male) ×5 |
| 22:00 | Construir | Mill |
| 22:05 | Construir | Mill |
| 22:06 | Construir | Farm |
| 22:06 | Construir | Farm |
| 22:07 | Construir | Farm |
| 22:07 | Construir | Farm |
Build order — Emstree
Primeras 150 de 537 acciones detectadas
| 0:03 | Crear | Villager (Male) ×4 |
| 0:10 | Construir | House |
| 0:50 | Construir | Lumber Camp |
| 1:15 | Crear | Villager (Male) |
| 1:41 | Crear | Villager (Male) |
| 2:13 | Crear | Villager (Male) |
| 2:39 | Construir | Mill |
| 3:24 | Crear | Villager (Male) |
| 3:25 | Crear | Villager (Male) |
| 3:25 | Crear | Villager (Male) |
| 3:56 | Crear | Villager (Male) |
| 3:57 | Crear | Villager (Male) |
| 4:08 | Crear | Villager (Male) |
| 5:37 | Investigar | Feudal Age |
| 5:42 | Investigar | Loom |
| 5:45 | Crear | Villager (Male) |
| 5:45 | Crear | Villager (Male) |
| 6:09 | Construir | Mining Camp |
| 6:24 | Construir | Mining Camp |
| 6:33 | Construir | Lumber Camp |
| 8:05 | Edad | Edad Feudal |
| 8:10 | Crear | Villager (Male) |
| 8:31 | Construir | Market |
| 8:36 | Construir | Blacksmith |
| 9:03 | Construir | Farm |
| 9:07 | Crear | Villager (Male) |
| 9:44 | Crear | Villager (Male) |
| 10:14 | Construir | Farm |
| 10:27 | Crear | Villager (Male) |
| 10:56 | Construir | Farm |
| 11:03 | Investigar | Castle Age |
| 12:32 | Crear | Villager (Male) |
| 12:36 | Crear | Villager (Male) |
| 12:42 | Crear | Villager (Male) |
| 12:59 | Investigar | Double-Bit Axe |
| 13:43 | Edad | Edad de los Castillos |
| 13:53 | Construir | Town Center |
| 14:03 | Crear | Villager (Male) |
| 14:14 | Construir | Farm |
| 14:18 | Crear | Villager (Male) |
| 14:52 | Crear | Villager (Male) ×5 |
| 15:03 | Construir | Town Center |
| 15:24 | Crear | Villager (Male) |
| 15:29 | Crear | Villager (Male) |
| 15:29 | Crear | Villager (Male) |
| 15:34 | Construir | Farm |
| 15:36 | Construir | Farm |
| 15:37 | Construir | Farm |
| 15:53 | Crear | Villager (Male) ×3 |
| 16:04 | Construir | Farm |
| 16:34 | Crear | Villager (Male) ×3 |
| 16:44 | Construir | Farm |
| 16:59 | Crear | Villager (Male) ×2 |
| 17:14 | Construir | Mill |
| 17:34 | Construir | Farm |
| 17:40 | Construir | Farm |
| 17:46 | Crear | Villager (Male) ×4 |
| 18:02 | Construir | Farm |
| 18:08 | Crear | Villager (Male) ×2 |
| 18:56 | Crear | Villager (Male) ×5 |
| 19:03 | Construir | Farm |
| 19:04 | Construir | Farm |
| 19:14 | Crear | Villager (Male) ×2 |
| 19:29 | Construir | House |
| 19:30 | Construir | House |
| 19:31 | Construir | House |
| 19:32 | Construir | House |
| 19:34 | Construir | House |
| 19:37 | Construir | House |
| 19:39 | Construir | House |
| 19:40 | Construir | House |
| 19:46 | Crear | Villager (Male) ×3 |
| 19:55 | Construir | Farm |
| 19:55 | Construir | Farm |
| 19:56 | Construir | Farm |
| 19:56 | Construir | Farm |
| 20:17 | Construir | Farm |
| 20:28 | Construir | Farm |
| 20:32 | Construir | Farm |
| 20:36 | Construir | Farm |
| 20:42 | Construir | Farm |
| 20:47 | Crear | Villager (Male) ×5 |
| 21:06 | Investigar | Bow Saw |
| 21:14 | Crear | Villager (Male) ×3 |
| 21:31 | Construir | Mill |
| 21:38 | Investigar | Horse Collar |
| 21:45 | Investigar | Wheelbarrow |
| 21:52 | Construir | Farm |
| 21:53 | Construir | Farm |
| 21:53 | Construir | Farm |
| 22:10 | Construir | Farm |
| 22:10 | Construir | Farm |
| 22:10 | Construir | Farm |
| 22:11 | Construir | Farm |
| 22:11 | Construir | Farm |
| 22:12 | Construir | Farm |
| 22:19 | Construir | Farm |
| 22:25 | Investigar | Heavy Plow |
| 22:32 | Crear | Villager (Male) ×5 |
| 23:15 | Construir | Stone Wall |
| 23:22 | Crear | Villager (Male) ×5 |
| 23:44 | Construir | Castle |
| 23:53 | Construir | Lumber Camp |
| 23:57 | Crear | Villager (Male) ×5 |
| 23:57 | Crear | Villager (Male) ×5 |
| 24:08 | Construir | Farm |
| 24:11 | Construir | Farm |
| 24:12 | Construir | Farm |
| 24:12 | Construir | Farm |
| 24:27 | Crear | Villager (Male) ×5 |
| 24:44 | Construir | Mill |
| 24:47 | Construir | Farm |
| 24:47 | Construir | Farm |
| 24:47 | Construir | Farm |
| 24:47 | Construir | Farm |
| 24:48 | Construir | Farm |
| 24:48 | Construir | Farm |
| 24:49 | Construir | Farm |
| 24:49 | Construir | Farm |
| 24:59 | Construir | House |
| 25:00 | Construir | House |
| 25:01 | Construir | House |
| 25:10 | Construir | Blacksmith |
| 25:21 | Investigar | Scale Mail Armor |
| 25:31 | Investigar | Corvinian Army |
| 25:49 | Construir | Building 673 |
| 26:00 | Crear | Villager (Male) ×5 |
| 26:08 | Investigar | Imperial Age |
| 26:16 | Investigar | Town Watch |
| 26:18 | Crear | Villager (Male) ×5 |
| 26:22 | Investigar | Loom |
| 26:44 | Construir | Market |
| 26:45 | Construir | Market |
| 26:46 | Construir | Market |
| 27:02 | Construir | Mill |
| 27:05 | Construir | Farm |
| 27:06 | Construir | Farm |
| 27:06 | Construir | Farm |
| 27:06 | Construir | Farm |
| 27:07 | Construir | Farm |
| 27:07 | Construir | Farm |
| 27:07 | Construir | Farm |
| 27:08 | Construir | Farm |
| 27:08 | Construir | Farm |
| 27:08 | Construir | Farm |
| 27:08 | Construir | Farm |
| 27:10 | Construir | Farm |
| 27:10 | Construir | Farm |
| 27:15 | Crear | Villager (Male) ×5 |
| 27:20 | Investigar | Hand Cart |
Build order — manejc94
Primeras 150 de 761 acciones detectadas
| 0:08 | Construir | Lumber Camp |
| 0:08 | Crear | Villager (Male) |
| 0:08 | Crear | Villager (Male) |
| 0:09 | Crear | Villager (Male) |
| 0:09 | Crear | Villager (Male) |
| 0:09 | Crear | Villager (Male) |
| 0:09 | Crear | Villager (Male) |
| 1:02 | Construir | Mill |
| 1:22 | Crear | Villager (Male) |
| 1:22 | Crear | Villager (Male) |
| 1:54 | Crear | Villager (Male) |
| 1:54 | Crear | Villager (Male) |
| 2:26 | Crear | Villager (Male) |
| 2:26 | Crear | Villager (Male) |
| 2:26 | Crear | Villager (Male) |
| 3:31 | Crear | Villager (Male) |
| 3:31 | Crear | Villager (Male) |
| 3:31 | Crear | Villager (Male) |
| 3:31 | Crear | Villager (Male) |
| 4:17 | Construir | Farm |
| 4:17 | Construir | Farm |
| 4:18 | Construir | Farm |
| 4:18 | Construir | Farm |
| 4:18 | Construir | Farm |
| 4:19 | Construir | Farm |
| 4:20 | Construir | Farm |
| 4:41 | Investigar | Feudal Age |
| 5:23 | Construir | Mining Camp |
| 5:27 | Crear | Villager (Male) |
| 5:28 | Crear | Villager (Male) |
| 5:28 | Crear | Villager (Male) |
| 5:39 | Crear | Villager (Male) |
| 5:39 | Crear | Villager (Male) |
| 6:56 | Edad | Edad Feudal |
| 6:57 | Investigar | Horse Collar |
| 6:58 | Investigar | Double-Bit Axe |
| 7:06 | Investigar | Wheelbarrow |
| 7:57 | Construir | Blacksmith |
| 8:18 | Crear | Villager (Male) |
| 8:19 | Crear | Villager (Male) |
| 8:19 | Crear | Villager (Male) |
| 8:21 | Crear | Villager (Male) |
| 8:35 | Construir | Market |
| 10:07 | Construir | Stable |
| 10:19 | Construir | Farm |
| 10:46 | Construir | Farm |
| 11:03 | Investigar | Castle Age |
| 11:03 | Investigar | Castle Age |
| 12:02 | Crear | Villager (Male) |
| 12:02 | Crear | Villager (Male) |
| 12:03 | Crear | Villager (Male) |
| 12:10 | Construir | Mining Camp |
| 12:50 | Construir | Stone Wall |
| 13:00 | Construir | Stone Wall |
| 13:46 | Edad | Edad de los Castillos |
| 13:49 | Investigar | Hand Cart |
| 14:05 | Construir | Town Center |
| 14:32 | Construir | Town Center |
| 14:55 | Construir | Farm |
| 14:57 | Crear | Villager (Male) |
| 14:57 | Crear | Villager (Male) |
| 14:58 | Crear | Villager (Male) |
| 14:58 | Crear | Villager (Male) |
| 15:14 | Crear | Villager (Male) |
| 15:15 | Crear | Villager (Male) |
| 15:15 | Crear | Villager (Male) |
| 15:15 | Crear | Villager (Male) |
| 15:41 | Crear | Villager (Male) |
| 15:42 | Crear | Villager (Male) |
| 15:42 | Crear | Villager (Male) |
| 15:42 | Crear | Villager (Male) |
| 15:57 | Construir | Lumber Camp |
| 16:10 | Crear | Villager (Male) |
| 16:10 | Crear | Villager (Male) |
| 16:17 | Crear | Villager (Male) |
| 16:17 | Crear | Villager (Male) |
| 16:23 | Crear | Villager (Male) |
| 16:38 | Crear | Centurion |
| 16:44 | Crear | Villager (Male) |
| 16:44 | Crear | Villager (Male) |
| 16:45 | Crear | Villager (Male) |
| 16:54 | Construir | University |
| 17:27 | Construir | Market |
| 17:54 | Construir | Building 487 |
| 17:59 | Construir | Building 487 |
| 18:05 | Construir | Palisade Gate |
| 18:17 | Construir | Siege Workshop |
| 18:24 | Construir | Siege Workshop |
| 18:36 | Construir | Siege Workshop |
| 18:39 | Crear | Villager (Male) |
| 18:39 | Crear | Villager (Male) |
| 18:39 | Crear | Villager (Male) |
| 18:40 | Crear | Villager (Male) |
| 18:40 | Crear | Villager (Male) |
| 18:40 | Crear | Villager (Male) |
| 18:40 | Crear | Villager (Male) |
| 18:41 | Crear | Villager (Male) |
| 18:41 | Crear | Villager (Male) |
| 18:41 | Crear | Villager (Male) |
| 18:41 | Crear | Villager (Male) |
| 18:42 | Crear | Villager (Male) |
| 18:42 | Crear | Villager (Male) |
| 18:59 | Construir | Stone Wall |
| 19:05 | Crear | Centurion |
| 19:21 | Investigar | Bloodlines |
| 19:22 | Investigar | Husbandry |
| 19:44 | Crear | Scorpion ×2 |
| 19:45 | Crear | Scorpion ×2 |
| 20:26 | Crear | Scorpion ×4 |
| 20:26 | Crear | Scorpion ×4 |
| 20:41 | Construir | House |
| 20:42 | Construir | House |
| 20:44 | Construir | House |
| 20:57 | Crear | Villager (Male) |
| 20:57 | Crear | Villager (Male) |
| 20:57 | Crear | Villager (Male) |
| 20:58 | Crear | Villager (Male) |
| 20:58 | Crear | Villager (Male) |
| 20:58 | Crear | Villager (Male) |
| 20:58 | Crear | Villager (Male) |
| 20:59 | Crear | Villager (Male) |
| 20:59 | Crear | Villager (Male) |
| 20:59 | Crear | Villager (Male) |
| 20:59 | Crear | Villager (Male) |
| 21:00 | Crear | Villager (Male) |
| 21:00 | Crear | Villager (Male) |
| 21:36 | Crear | Scorpion ×4 |
| 21:36 | Crear | Scorpion ×4 |
| 21:45 | Construir | Mining Camp |
| 21:49 | Crear | Villager (Male) |
| 21:49 | Crear | Villager (Male) |
| 21:49 | Crear | Villager (Male) |
| 21:49 | Crear | Villager (Male) |
| 22:51 | Construir | Building 487 |
| 23:07 | Investigar | Gold Mining |
| 23:09 | Crear | Villager (Male) |
| 23:09 | Crear | Villager (Male) |
| 23:09 | Crear | Villager (Male) |
| 23:10 | Crear | Villager (Male) |
| 23:14 | Construir | House |
| 23:15 | Construir | House |
| 23:16 | Construir | House |
| 23:18 | Construir | House |
| 23:23 | Construir | House |
| 23:24 | Construir | House |
| 23:26 | Construir | House |
| 23:27 | Construir | House |
| 23:28 | Construir | House |
| 23:29 | Construir | House |
| 23:30 | Construir | House |
Build order — Clandestine
Primeras 150 de 1097 acciones detectadas
| 0:03 | Crear | Villager (Male) |
| 0:03 | Crear | Villager (Male) |
| 0:04 | Crear | Villager (Male) |
| 0:04 | Crear | Villager (Male) |
| 0:04 | Crear | Villager (Male) |
| 0:08 | Construir | Lumber Camp |
| 0:22 | Construir | Mill |
| 1:01 | Crear | Villager (Male) |
| 1:01 | Crear | Villager (Male) |
| 1:39 | Crear | Villager (Male) |
| 1:39 | Crear | Villager (Male) |
| 1:52 | Crear | Villager (Male) |
| 1:52 | Crear | Villager (Male) |
| 2:19 | Crear | Villager (Male) |
| 2:19 | Crear | Villager (Male) |
| 2:20 | Crear | Villager (Male) |
| 2:40 | Crear | Villager (Male) |
| 2:40 | Crear | Villager (Male) |
| 4:01 | Crear | Villager (Male) |
| 4:30 | Crear | Villager (Male) |
| 4:49 | Investigar | Feudal Age |
| 4:56 | Construir | Mining Camp |
| 6:30 | Crear | Villager (Male) |
| 7:14 | Edad | Edad Feudal |
| 7:25 | Construir | Archery Range |
| 7:30 | Construir | Blacksmith |
| 7:35 | Crear | Villager (Male) |
| 7:57 | Crear | Villager (Male) |
| 8:07 | Construir | Stone Wall |
| 8:08 | Crear | Villager (Male) |
| 8:16 | Crear | Archer |
| 8:16 | Crear | Archer |
| 8:16 | Crear | Archer |
| 8:18 | Crear | Villager (Male) |
| 8:20 | Investigar | Fletching |
| 8:58 | Investigar | Castle Age |
| 9:23 | Construir | Farm |
| 9:29 | Investigar | Loom |
| 9:33 | Crear | Archer |
| 9:41 | Investigar | Padded Archer Armor |
| 9:53 | Construir | Farm |
| 9:58 | Construir | Farm |
| 10:01 | Construir | Farm |
| 10:05 | Construir | Farm |
| 10:16 | Construir | Farm |
| 10:20 | Investigar | Double-Bit Axe |
| 10:24 | Investigar | Loom |
| 10:40 | Crear | Villager (Male) |
| 10:40 | Crear | Villager (Male) |
| 11:17 | Crear | Villager (Male) |
| 11:22 | Crear | Villager (Male) |
| 11:31 | Construir | Building 487 |
| 11:36 | Crear | Archer |
| 11:36 | Crear | Archer |
| 11:40 | Crear | Villager (Male) |
| 11:40 | Crear | Villager (Male) |
| 11:59 | Edad | Edad de los Castillos |
| 12:03 | Crear | Villager (Male) |
| 12:03 | Crear | Villager (Male) |
| 12:21 | Construir | Farm |
| 12:28 | Investigar | Bow Saw |
| 12:48 | Crear | Villager (Male) |
| 13:05 | Construir | House |
| 13:06 | Construir | House |
| 13:08 | Construir | House |
| 13:16 | Crear | Villager (Male) |
| 13:26 | Construir | Siege Workshop |
| 13:33 | Crear | Villager (Male) |
| 13:37 | Investigar | Horse Collar |
| 13:42 | Crear | Villager (Male) |
| 14:00 | Investigar | Crossbowman (upgrade) |
| 14:16 | Crear | Villager (Male) |
| 14:32 | Construir | Lumber Camp |
| 14:38 | Investigar | Bodkin Arrow |
| 14:41 | Crear | Archer |
| 14:41 | Crear | Archer |
| 14:42 | Crear | Archer |
| 15:21 | Crear | Villager (Male) |
| 15:38 | Crear | Battering Ram |
| 15:55 | Crear | Villager (Male) |
| 16:09 | Investigar | Heavy Plow |
| 16:52 | Crear | Villager (Male) |
| 16:52 | Crear | Villager (Male) |
| 17:10 | Investigar | Leather Archer Armor |
| 17:13 | Crear | Villager (Male) |
| 17:22 | Construir | Farm |
| 17:22 | Construir | Farm |
| 17:23 | Construir | Farm |
| 17:29 | Construir | Lumber Camp |
| 17:34 | Construir | Farm |
| 17:44 | Construir | Mining Camp |
| 17:45 | Crear | Villager (Male) |
| 17:45 | Crear | Villager (Male) |
| 18:11 | Crear | Mangonel |
| 18:31 | Investigar | Squires |
| 18:32 | Crear | Spearman |
| 18:32 | Crear | Spearman |
| 18:32 | Crear | Spearman |
| 18:41 | Crear | Shotel Warrior |
| 18:41 | Crear | Shotel Warrior |
| 18:41 | Crear | Shotel Warrior |
| 20:09 | Crear | Spearman |
| 20:09 | Crear | Spearman |
| 21:28 | Crear | Mangonel |
| 21:28 | Crear | Mangonel |
| 21:42 | Crear | Battering Ram |
| 22:33 | Investigar | Gold Mining |
| 23:22 | Investigar | Stone Mining |
| 23:25 | Investigar | Gold Shaft Mining |
| 23:35 | Crear | Villager (Male) |
| 23:44 | Construir | Market |
| 23:49 | Investigar | Imperial Age |
| 24:04 | Construir | Market |
| 25:21 | Investigar | Wheelbarrow |
| 25:35 | Investigar | Scale Barding Armor |
| 25:43 | Construir | Lumber Camp |
| 26:00 | Construir | University |
| 26:04 | Crear | Villager (Male) |
| 26:04 | Crear | Villager (Male) |
| 26:16 | Construir | Market |
| 26:23 | Crear | Villager (Male) |
| 26:30 | Investigar | Caravan |
| 26:54 | Investigar | Coinage |
| 26:56 | Crear | Trade Cart |
| 26:57 | Crear | Trade Cart |
| 26:57 | Crear | Trade Cart |
| 26:57 | Crear | Trade Cart |
| 26:57 | Crear | Trade Cart |
| 26:58 | Crear | Trade Cart |
| 27:10 | Edad | Edad Imperial |
| 27:13 | Investigar | Chemistry |
| 27:30 | Crear | Villager (Male) |
| 27:30 | Crear | Villager (Male) |
| 27:40 | Crear | Spearman |
| 27:40 | Crear | Spearman |
| 27:40 | Crear | Spearman |
| 27:40 | Crear | Spearman |
| 28:11 | Crear | Villager (Male) |
| 28:12 | Crear | Villager (Male) |
| 28:26 | Crear | Archer |
| 28:26 | Crear | Archer |
| 28:27 | Crear | Archer |
| 28:27 | Crear | Archer |
| 28:29 | Crear | Villager (Male) |
| 28:29 | Crear | Villager (Male) |
| 28:29 | Crear | Villager (Male) |
| 29:00 | Crear | Bombard Cannon |
| 29:00 | Crear | Bombard Cannon |
| 29:12 | Investigar | Conscription |
| 30:17 | Crear | Bombard Cannon |
Build order — Sultan IV.MURAD
Primeras 150 de 757 acciones detectadas
| 0:04 | Crear | Villager (Male) ×4 |
| 0:04 | Crear | Villager (Male) ×4 |
| 0:04 | Crear | Villager (Male) ×4 |
| 0:16 | Construir | Lumber Camp |
| 1:02 | Crear | Villager (Male) |
| 1:03 | Crear | Villager (Male) |
| 1:49 | Crear | Villager (Male) |
| 1:49 | Crear | Villager (Male) |
| 1:50 | Crear | Villager (Male) |
| 2:52 | Crear | Villager (Male) |
| 2:53 | Crear | Villager (Male) |
| 2:53 | Crear | Villager (Male) |
| 2:53 | Crear | Villager (Male) |
| 2:53 | Crear | Villager (Male) |
| 2:54 | Crear | Villager (Male) |
| 4:02 | Construir | Mill |
| 4:59 | Crear | Villager (Male) |
| 5:24 | Crear | Villager (Male) |
| 5:52 | Crear | Villager (Male) |
| 6:18 | Crear | Villager (Male) |
| 6:27 | Construir | Mining Camp |
| 6:46 | Investigar | Feudal Age |
| 7:00 | Construir | Mining Camp |
| 8:18 | Crear | Villager (Male) ×5 |
| 8:56 | Edad | Edad Feudal |
| 9:07 | Construir | Stone Wall |
| 9:59 | Construir | Market |
| 10:17 | Construir | Blacksmith |
| 10:18 | Crear | Villager (Male) |
| 10:33 | Construir | Farm |
| 10:34 | Construir | Farm |
| 10:36 | Construir | Farm |
| 10:40 | Construir | Farm |
| 10:56 | Construir | Mining Camp |
| 11:23 | Crear | Villager (Male) |
| 11:48 | Construir | Mill |
| 11:56 | Construir | Lumber Camp |
| 12:15 | Investigar | Castle Age |
| 12:15 | Investigar | Castle Age |
| 12:24 | Construir | Farm |
| 12:25 | Construir | Farm |
| 12:25 | Construir | Farm |
| 12:27 | Construir | Farm |
| 12:28 | Construir | Farm |
| 12:29 | Construir | Farm |
| 12:31 | Construir | Farm |
| 12:32 | Construir | Farm |
| 12:44 | Construir | Farm |
| 13:34 | Construir | Stone Wall |
| 14:10 | Crear | Villager (Male) ×5 |
| 14:55 | Edad | Edad de los Castillos |
| 14:59 | Construir | Town Center |
| 15:24 | Construir | Town Center |
| 15:46 | Crear | Villager (Male) |
| 15:47 | Crear | Villager (Male) |
| 15:54 | Crear | Villager (Male) ×5 |
| 16:23 | Construir | House |
| 16:25 | Construir | House |
| 16:27 | Construir | House |
| 16:28 | Construir | House |
| 16:29 | Construir | House |
| 16:31 | Construir | House |
| 16:32 | Construir | House |
| 16:44 | Crear | Villager (Male) ×5 |
| 16:45 | Crear | Villager (Male) ×5 |
| 16:45 | Crear | Villager (Male) ×5 |
| 16:45 | Crear | Villager (Male) ×5 |
| 17:05 | Crear | Villager (Male) ×2 |
| 17:05 | Crear | Villager (Male) ×2 |
| 17:17 | Construir | Farm |
| 17:18 | Investigar | Double-Bit Axe |
| 17:37 | Investigar | Horse Collar |
| 17:42 | Crear | Villager (Male) |
| 17:42 | Crear | Villager (Male) |
| 18:22 | Crear | Villager (Male) ×4 |
| 18:22 | Crear | Villager (Male) ×4 |
| 18:22 | Crear | Villager (Male) |
| 18:30 | Construir | Farm |
| 18:31 | Construir | Farm |
| 18:32 | Construir | Farm |
| 18:33 | Construir | Farm |
| 18:34 | Construir | Farm |
| 18:35 | Construir | Farm |
| 18:36 | Construir | Farm |
| 18:42 | Construir | Farm |
| 18:45 | Crear | Villager (Male) ×2 |
| 18:45 | Crear | Villager (Male) ×2 |
| 18:54 | Construir | Farm |
| 18:55 | Construir | Farm |
| 19:02 | Crear | Villager (Male) ×2 |
| 19:02 | Crear | Villager (Male) ×2 |
| 19:06 | Construir | House |
| 19:08 | Construir | House |
| 19:48 | Crear | Villager (Male) ×5 |
| 19:48 | Crear | Villager (Male) ×5 |
| 19:48 | Crear | Villager (Male) |
| 19:58 | Construir | Farm |
| 19:59 | Construir | Farm |
| 20:08 | Investigar | Heavy Plow |
| 20:30 | Investigar | Bow Saw |
| 20:37 | Construir | House |
| 20:38 | Construir | House |
| 20:40 | Construir | House |
| 20:41 | Construir | House |
| 20:42 | Construir | House |
| 20:43 | Construir | House |
| 20:44 | Construir | House |
| 20:46 | Construir | House |
| 20:48 | Construir | House |
| 20:49 | Construir | House |
| 20:50 | Construir | House |
| 21:00 | Crear | Villager (Male) ×4 |
| 21:01 | Crear | Villager (Male) ×4 |
| 21:03 | Construir | Farm |
| 21:06 | Construir | Farm |
| 21:24 | Investigar | Caravan |
| 21:41 | Crear | Trade Cart ×5 |
| 22:05 | Crear | Villager (Male) ×5 |
| 22:08 | Crear | Villager (Male) |
| 22:11 | Crear | Villager (Male) |
| 22:46 | Investigar | Gold Mining |
| 22:46 | Investigar | Stone Mining |
| 22:58 | Construir | Farm |
| 23:00 | Construir | Farm |
| 23:01 | Construir | Farm |
| 23:03 | Construir | Farm |
| 23:06 | Construir | Farm |
| 23:07 | Construir | Farm |
| 23:15 | Construir | Farm |
| 23:33 | Construir | Stable |
| 23:35 | Construir | Stable |
| 23:36 | Construir | Stable |
| 23:43 | Construir | Farm |
| 23:51 | Crear | Villager (Male) ×5 |
| 24:14 | Investigar | Gold Shaft Mining |
| 24:25 | Construir | Farm |
| 24:42 | Investigar | Loom |
| 24:59 | Investigar | Imperial Age |
| 25:33 | Construir | Castle |
| 25:43 | Investigar | Padded Archer Armor |
| 25:47 | Investigar | Forging |
| 25:48 | Investigar | Scale Barding Armor |
| 26:09 | Investigar | Husbandry |
| 26:09 | Investigar | Bloodlines |
| 26:15 | Investigar | Squires |
| 26:15 | Investigar | Arson |
| 26:22 | Investigar | Town Watch |
| 26:46 | Construir | Lumber Camp |
| 27:00 | Investigar | Wheelbarrow |
| 27:06 | Construir | Mining Camp |
Cronología de la partida
| 6:56 | manejc94 · age_up feudal |
| 7:13 | Cabosh · age_up feudal |
| 7:14 | Clandestine · age_up feudal |
| 7:25 | Clandestine · first_building Archery Range |
| 7:57 | GummiMaster2 · age_up feudal |
| 8:05 | Emstree · age_up feudal |
| 8:05 | GummiMaster2 · first_building Archery Range |
| 8:07 | Clandestine · wall_segment Stone Wall x18 |
| 8:56 | Sultan IV.MURAD · age_up feudal |
| 9:07 | Sultan IV.MURAD · wall_segment Stone Wall x23 |
| 9:08 | Sauron_aoe · age_up feudal |
| 10:07 | manejc94 · first_building Stable |
| 10:25 | SkinWalker · age_up feudal |
| 11:08 | Cabosh · age_up castle |
| 11:33 | Sauron_aoe · first_building Stable |
| 11:36 | GummiMaster2 · wall_segment Stone Wall x31 |
| 11:59 | Clandestine · age_up castle |
| 12:06 | GummiMaster2 · wall_segment Stone Wall x5 |
| 12:50 | manejc94 · wall_segment Stone Wall x4 |
| 13:00 | manejc94 · wall_segment Stone Wall x10 |
| 13:01 | GummiMaster2 · age_up castle |
| 13:26 | Clandestine · first_building Siege Workshop |
| 13:34 | Sultan IV.MURAD · wall_segment Stone Wall x15 |
| 13:43 | Emstree · age_up castle |
| 13:46 | manejc94 · age_up castle |
| 14:11 | manejc94 · first_market_sell 100 food |
| 14:11 | manejc94 · first_market_buy 100 wood |
| 14:24 | SkinWalker · age_up castle |
| 14:47 | Cabosh · first_building Monastery |
| 14:55 | Sultan IV.MURAD · age_up castle |
| 15:09 | Sultan IV.MURAD · first_market_buy 100 wood |
| 15:13 | Sultan IV.MURAD · first_market_sell 100 food |
| 15:33 | Sauron_aoe · age_up castle |
| 15:53 | SkinWalker · first_market_buy 100 food |
| 15:54 | Sauron_aoe · first_market_buy 100 wood |
| 17:31 | Sauron_aoe · first_market_sell 100 food |
| 18:17 | manejc94 · first_building Siege Workshop |
| 18:51 | Cabosh · first_building Stable |
| 18:59 | manejc94 · wall_segment Stone Wall x12 |
| 19:06 | GummiMaster2 · wall_segment Stone Wall x5 |
| 19:46 | GummiMaster2 · wall_segment Stone Wall x13 |
| 20:10 | SkinWalker · first_building Barracks |
| 20:39 | SkinWalker · first_building Monastery |
| 21:14 | GummiMaster2 · wall_segment Stone Wall x9 |
| 21:47 | GummiMaster2 · first_building Siege Workshop |
| 22:41 | SkinWalker · first_building Archery Range |
| 23:15 | Emstree · wall_segment Stone Wall x28 |
| 23:33 | Sultan IV.MURAD · first_building Stable |
| 23:44 | Emstree · first_building Castle |
| 23:56 | Cabosh · wall_segment Stone Wall x9 |
| 24:14 | Cabosh · first_building Castle |
| 24:34 | Sauron_aoe · first_building Castle |
| 24:36 | Cabosh · first_market_sell 500 food |
| 25:33 | Sultan IV.MURAD · first_building Castle |
| 25:47 | Sauron_aoe · first_building Siege Workshop |
| 27:10 | Clandestine · age_up imperial |
| 27:56 | GummiMaster2 · first_building Castle |
| 28:07 | Cabosh · age_up imperial |
| 28:12 | Emstree · first_building Stable |
| 28:17 | Sultan IV.MURAD · age_up imperial |
| 28:41 | Cabosh · wall_segment Stone Wall x16 |
| 29:22 | Emstree · age_up imperial |
| 29:34 | Sultan IV.MURAD · first_building Siege Workshop |
| 29:56 | Sauron_aoe · age_up imperial |
| 30:26 | GummiMaster2 · first_building Monastery |
| 30:53 | GummiMaster2 · age_up imperial |
| 31:40 | GummiMaster2 · first_market_buy 100 wood |
| 32:04 | SkinWalker · age_up imperial |
| 32:43 | manejc94 · age_up imperial |
| 33:27 | Sauron_aoe · first_building Barracks |
| 35:46 | GummiMaster2 · wall_segment Stone Wall x14 |
| 36:44 | GummiMaster2 · wall_segment Stone Wall x15 |
| 36:56 | GummiMaster2 · first_building Barracks |
| 37:13 | GummiMaster2 · wall_segment Stone Wall x8 |
| 37:20 | GummiMaster2 · wall_segment Stone Wall x12 |
| 39:28 | Cabosh · tribute_sent a jugador 1 |
| 39:28 | Cabosh · tribute_sent a jugador 2 |
| 39:28 | Cabosh · tribute_sent a jugador 4 |
| 39:28 | Cabosh · tribute_sent a jugador 5 |
| 39:28 | Cabosh · tribute_sent a jugador 6 |
| 39:28 | Cabosh · tribute_sent a jugador 7 |
| 39:28 | Cabosh · tribute_sent a jugador 8 |
| 40:36 | Cabosh · tribute_sent a jugador 1 |
| 40:36 | Cabosh · tribute_sent a jugador 2 |
| 40:36 | Cabosh · tribute_sent a jugador 4 |
| 40:36 | Cabosh · tribute_sent a jugador 5 |
| 40:36 | Cabosh · tribute_sent a jugador 6 |
| 40:36 | Cabosh · tribute_sent a jugador 7 |
| 40:36 | Cabosh · tribute_sent a jugador 8 |
| 40:38 | manejc94 · first_building Barracks |
| 40:41 | Emstree · tribute_sent a jugador 1 |
| 40:41 | Emstree · tribute_sent a jugador 2 |
| 40:41 | Emstree · tribute_sent a jugador 3 |
| 40:41 | Emstree · tribute_sent a jugador 4 |
| 40:41 | Emstree · tribute_sent a jugador 6 |
| 40:41 | Emstree · tribute_sent a jugador 7 |
| 40:41 | Emstree · tribute_sent a jugador 8 |
| 41:03 | Cabosh · first_building Archery Range |
| 42:06 | SkinWalker · first_building Castle |
| 44:39 | Clandestine · first_building Barracks |
| 45:35 | GummiMaster2 · wall_segment Stone Wall x18 |
| 45:40 | Emstree · tribute_sent a jugador 1 |
| 45:40 | Emstree · tribute_sent a jugador 2 |
| 45:40 | Emstree · tribute_sent a jugador 3 |
| 45:40 | Emstree · tribute_sent a jugador 4 |
| 45:40 | Emstree · tribute_sent a jugador 6 |
| 45:40 | Emstree · tribute_sent a jugador 7 |
| 45:40 | Emstree · tribute_sent a jugador 8 |
| 46:48 | GummiMaster2 · wall_segment Stone Wall x9 |
| 47:17 | Emstree · tribute_sent a jugador 1 |
| 47:17 | Emstree · tribute_sent a jugador 2 |
| 47:17 | Emstree · tribute_sent a jugador 3 |
| 47:17 | Emstree · tribute_sent a jugador 4 |
| 47:17 | Emstree · tribute_sent a jugador 6 |
| 47:17 | Emstree · tribute_sent a jugador 7 |
| 47:17 | Emstree · tribute_sent a jugador 8 |
| 48:10 | GummiMaster2 · wall_segment Stone Wall x8 |
| 49:08 | Sauron_aoe · tribute_sent a jugador 1 |
| 49:08 | Sauron_aoe · tribute_sent a jugador 2 |
| 49:08 | Sauron_aoe · tribute_sent a jugador 3 |
| 49:08 | Sauron_aoe · tribute_sent a jugador 5 |
| 49:08 | Sauron_aoe · tribute_sent a jugador 6 |
| 49:08 | Sauron_aoe · tribute_sent a jugador 7 |
| 49:08 | Sauron_aoe · tribute_sent a jugador 8 |
| 49:38 | Clandestine · first_market_sell 500 food |
| 50:04 | Clandestine · first_building Castle |
| 50:58 | Cabosh · tribute_sent a jugador 1 |
| 50:58 | Cabosh · tribute_sent a jugador 2 |
| 50:58 | Cabosh · tribute_sent a jugador 4 |
| 50:58 | Cabosh · tribute_sent a jugador 5 |
| 50:58 | Cabosh · tribute_sent a jugador 6 |
| 50:58 | Cabosh · tribute_sent a jugador 7 |
| 50:58 | Cabosh · tribute_sent a jugador 8 |
| 51:06 | Emstree · tribute_sent a jugador 1 |
| 51:06 | Emstree · tribute_sent a jugador 2 |
| 51:06 | Emstree · tribute_sent a jugador 3 |
| 51:06 | Emstree · tribute_sent a jugador 4 |
| 51:06 | Emstree · tribute_sent a jugador 6 |
| 51:06 | Emstree · tribute_sent a jugador 7 |
| 51:06 | Emstree · tribute_sent a jugador 8 |
| 53:07 | GummiMaster2 · wall_segment Palisade Wall x6 |
| 53:18 | Emstree · tribute_sent a jugador 1 |
| 53:18 | Emstree · tribute_sent a jugador 2 |
| 53:18 | Emstree · tribute_sent a jugador 3 |
| 53:18 | Emstree · tribute_sent a jugador 4 |
| 53:18 | Emstree · tribute_sent a jugador 6 |
| 53:18 | Emstree · tribute_sent a jugador 7 |
| 53:18 | Emstree · tribute_sent a jugador 8 |
| 53:21 | Cabosh · tribute_sent a jugador 1 |
| 53:21 | Cabosh · tribute_sent a jugador 2 |
| 53:21 | Cabosh · tribute_sent a jugador 4 |
| 53:21 | Cabosh · tribute_sent a jugador 5 |
| 53:21 | Cabosh · tribute_sent a jugador 6 |
| 53:21 | Cabosh · tribute_sent a jugador 7 |
| 53:21 | Cabosh · tribute_sent a jugador 8 |
| 53:42 | Sauron_aoe · first_building Archery Range |
| 53:56 | GummiMaster2 · wall_segment Stone Wall x8 |
| 63:50 | Sultan IV.MURAD · wall_segment Stone Wall x41 |
| 64:48 | Clandestine · wall_segment Stone Wall x16 |
| 65:39 | Cabosh · tribute_sent a jugador 1 |
| 65:39 | Cabosh · tribute_sent a jugador 2 |
| 65:39 | Cabosh · tribute_sent a jugador 4 |
| 65:39 | Cabosh · tribute_sent a jugador 5 |
| 65:39 | Cabosh · tribute_sent a jugador 6 |
| 65:39 | Cabosh · tribute_sent a jugador 7 |
| 65:39 | Cabosh · tribute_sent a jugador 8 |
| 65:48 | Emstree · tribute_sent a jugador 1 |
| 65:48 | Emstree · tribute_sent a jugador 2 |
| 65:48 | Emstree · tribute_sent a jugador 3 |
| 65:48 | Emstree · tribute_sent a jugador 4 |
| 65:48 | Emstree · tribute_sent a jugador 6 |
| 65:48 | Emstree · tribute_sent a jugador 7 |
| 65:48 | Emstree · tribute_sent a jugador 8 |
| 66:47 | Emstree · tribute_sent a jugador 1 |
| 66:47 | Emstree · tribute_sent a jugador 2 |
| 66:47 | Emstree · tribute_sent a jugador 3 |
| 66:47 | Emstree · tribute_sent a jugador 4 |
| 66:47 | Emstree · tribute_sent a jugador 6 |
| 66:47 | Emstree · tribute_sent a jugador 7 |
| 66:47 | Emstree · tribute_sent a jugador 8 |
| 69:21 | Cabosh · first_building Siege Workshop |
| 70:19 | Clandestine · wall_segment Stone Wall x10 |
| 72:27 | Cabosh · tribute_sent a jugador 1 |
| 72:27 | Cabosh · tribute_sent a jugador 2 |
| 72:27 | Cabosh · tribute_sent a jugador 4 |
| 72:27 | Cabosh · tribute_sent a jugador 5 |
| 72:27 | Cabosh · tribute_sent a jugador 6 |
| 72:27 | Cabosh · tribute_sent a jugador 7 |
| 72:27 | Cabosh · tribute_sent a jugador 8 |
| 72:39 | Cabosh · tribute_sent a jugador 1 |
| 72:39 | Cabosh · tribute_sent a jugador 2 |
| 72:39 | Cabosh · tribute_sent a jugador 4 |
| 72:39 | Cabosh · tribute_sent a jugador 5 |
| 72:39 | Cabosh · tribute_sent a jugador 6 |
| 72:39 | Cabosh · tribute_sent a jugador 7 |
| 72:39 | Cabosh · tribute_sent a jugador 8 |
| 73:14 | Sultan IV.MURAD · first_building Archery Range |
| 78:19 | Clandestine · wall_segment Stone Wall x12 |
| 80:08 | Cabosh · tribute_sent a jugador 1 |
| 80:08 | Cabosh · tribute_sent a jugador 2 |
| 80:08 | Cabosh · tribute_sent a jugador 4 |
| 80:08 | Cabosh · tribute_sent a jugador 5 |
| 80:08 | Cabosh · tribute_sent a jugador 6 |
| 80:08 | Cabosh · tribute_sent a jugador 7 |
| 80:08 | Cabosh · tribute_sent a jugador 8 |
| 80:19 | Emstree · tribute_sent a jugador 1 |
| 80:19 | Emstree · tribute_sent a jugador 2 |
| 80:19 | Emstree · tribute_sent a jugador 3 |
| 80:19 | Emstree · tribute_sent a jugador 4 |
| 80:19 | Emstree · tribute_sent a jugador 6 |
| 80:19 | Emstree · tribute_sent a jugador 7 |
| 80:19 | Emstree · tribute_sent a jugador 8 |
| 82:20 | manejc94 · first_building Castle |
| 83:30 | Emstree · tribute_sent a jugador 1 |
| 83:30 | Emstree · tribute_sent a jugador 2 |
| 83:30 | Emstree · tribute_sent a jugador 3 |
| 83:30 | Emstree · tribute_sent a jugador 4 |
| 83:30 | Emstree · tribute_sent a jugador 6 |
| 83:30 | Emstree · tribute_sent a jugador 7 |
| 83:30 | Emstree · tribute_sent a jugador 8 |
| 83:42 | Clandestine · wall_segment Stone Wall x23 |
| 84:24 | GummiMaster2 · wall_segment Stone Wall x9 |
| 84:38 | GummiMaster2 · wall_segment Stone Wall x5 |
| 87:06 | Sauron_aoe · tribute_sent a jugador 1 |
| 87:06 | Sauron_aoe · tribute_sent a jugador 2 |
| 87:06 | Sauron_aoe · tribute_sent a jugador 3 |
| 87:06 | Sauron_aoe · tribute_sent a jugador 5 |
| 87:06 | Sauron_aoe · tribute_sent a jugador 6 |
| 87:06 | Sauron_aoe · tribute_sent a jugador 7 |
| 87:06 | Sauron_aoe · tribute_sent a jugador 8 |
| 89:02 | Sultan IV.MURAD · wall_segment Stone Wall x11 |
| 89:41 | Clandestine · first_market_buy 100 wood |
| 95:24 | Cabosh · tribute_sent a jugador 1 |
| 95:24 | Cabosh · tribute_sent a jugador 2 |
| 95:24 | Cabosh · tribute_sent a jugador 4 |
| 95:24 | Cabosh · tribute_sent a jugador 5 |
| 95:24 | Cabosh · tribute_sent a jugador 6 |
| 95:24 | Cabosh · tribute_sent a jugador 7 |
| 95:24 | Cabosh · tribute_sent a jugador 8 |
| 102:02 | GummiMaster2 · tribute_sent a jugador 2 |
| 102:02 | GummiMaster2 · tribute_sent a jugador 3 |
| 102:02 | GummiMaster2 · tribute_sent a jugador 4 |
| 102:02 | GummiMaster2 · tribute_sent a jugador 5 |
| 102:02 | GummiMaster2 · tribute_sent a jugador 6 |
| 102:02 | GummiMaster2 · tribute_sent a jugador 7 |
| 102:02 | GummiMaster2 · tribute_sent a jugador 8 |
| 102:04 | Emstree · tribute_sent a jugador 1 |
| 102:04 | Emstree · tribute_sent a jugador 2 |
| 102:04 | Emstree · tribute_sent a jugador 3 |
| 102:04 | Emstree · tribute_sent a jugador 4 |
| 102:04 | Emstree · tribute_sent a jugador 6 |
| 102:04 | Emstree · tribute_sent a jugador 7 |
| 102:04 | Emstree · tribute_sent a jugador 8 |
| 102:46 | Cabosh · wall_segment Stone Wall x10 |
| 103:56 | Clandestine · first_building Monastery |
| 106:21 | Emstree · wall_segment Palisade Wall x46 |
| 112:33 | Cabosh · tribute_sent a jugador 1 |
| 112:33 | Cabosh · tribute_sent a jugador 2 |
| 112:33 | Cabosh · tribute_sent a jugador 4 |
| 112:33 | Cabosh · tribute_sent a jugador 5 |
| 112:33 | Cabosh · tribute_sent a jugador 6 |
| 112:33 | Cabosh · tribute_sent a jugador 7 |
| 112:33 | Cabosh · tribute_sent a jugador 8 |
| 114:41 | Sultan IV.MURAD · resign |
[ ANÁLISIS IA · 1 CRÉDITO ]
¿Qué pasó realmente en esta partida?
Wolo.gg analiza cada decisión: build order, eco, micro, errores típicos por bracket. Análisis personalizado por WhatsApp o Discord en 30 segundos.
Guía civ
Borgoñones
Guía mapa
Fortress
Perfil
Jugador #19306752